 Dungeon Crawl Stone Soup version 0.27-a0-1202-ge72e49191c (webtiles) character file.

Game seed: 7298002979972449390

122 Delamore the Skirmisher (level 5, -4/42 HPs)
             Began as a Formicid Fighter on June 4, 2021.
             Was a Follower of Ru.
             Slain by a water moccasin (6 damage)
             ... on level 5 of the Dungeon.
             The game lasted 00:03:41 (2815 turns).

Delamore the Skirmisher (Formicid Fighter)          Turns: 2815, Time: 00:03:42

Health: -4/42      AC:  6    Str: 21    XL:     5   Next: 27%
Magic:  5/5        EV:  8    Int:  8    God:    Ru [*.....]
Gold:   95         SH:  9    Dex: 10    Spells: 4/4 levels left

rFire    . . .     SeeInvis +   a - +0 trident
rCold    + . .     Faith    .   c - +0 kite shield
rNeg     . . .     Spirit   .   b - +0 scale mail
rPois    .         Reflect  .   (helmet unavailable)
rElec    .         Harm     .   (no cloak)
rCorr    .         Rampage  .   (no gloves)
Will     .....                  (no boots)
Stlth    ..........             (no amulet)
HPRegen  0.14/turn              i - ring of protection from cold
MPRegen  0.09/turn              e - ring of wizardry

@: mighty, lethally poisoned (-4 -> -12)
A: permanent stasis, dig shafts and tunnels, antennae 3, inability to train
dodging, four strong arms
a: Dig, Shaft Self, Renounce Religion


You were on level 5 of the Dungeon.
You worshipped Ru.
Ru was aware of your devotion.
You visited 1 branch of the dungeon, and saw 6 of its levels.

You collected 95 gold pieces.

Inventory:

Hand Weapons
 a - a +0 trident (weapon)
Missiles
 g - 17 poisoned darts
 l - 11 boomerangs (quivered)
Armour
 b - a +0 scale mail (worn)
 c - a +0 kite shield (worn)
Jewellery
 e - a ring of wizardry (right hand)
 i - a ring of protection from cold (left hand)
Scrolls
 k - 2 scrolls of identify
 m - a scroll of magic mapping
Potions
 j - a potion of mutation {unknown}


   Skills:
 + Level 4.3 Fighting
 * Level 4.1 Polearms
 + Level 1.2 Throwing
 - Level 3.2 Armour
 - Level 3.6 Shields


You had 4 spell levels left.
You didn't know any spells.
Your spell library contained the following spells:

 Spells                   Type           Power      Damage    Failure   Level
 Magic Dart               Conj           0%         1d3       80%         1
 Searing Ray              Conj           0%         3d3       89%         2
 Dazzling Flash           Conj/Hex       0%         N/A       98%         3
 Fulminant Prism          Conj/Hex       0%         3d6       100%        4
 Iskenderun's Mystic Bla  Conj/Tloc      0%         2d3       100%        4


Dungeon Overview and Level Annotations

Branches:
Dungeon (6/15)             Temple (0/1) D:4

Altars:
Nemelex Xobeh
Ru

Annotations:
D:6 Edmund


Innate Abilities, Weirdness & Mutations

You cannot be hasted, slowed, berserked, paralysed or teleported.
You can dig through walls and to a lower floor.
You have a pair of large antennae on your head. (SInv)
You cannot train Dodging skill.
Your four strong arms can wield two-handed weapons with a shield.


Message History

Reach: a) +0 trident
Press: ? - help, Dir - move target, f/p - sky beast
Aim: a sky beast (slightly transparent, about 52% to evade your +0 trident)
You reach to attack!
You closely miss the sky beast.
The water moccasin bites you but does no damage.
The water moccasin closely misses you.
Reach: a) +0 trident
Press: ? - help, Dir - move target, f/p - sky beast
Aim: a sky beast (slightly transparent, about 52% to evade your +0 trident)
The water moccasin is in the way.
You miss the water moccasin. You block the water moccasin's attack.
Reach: a) +0 trident
Press: ? - help, Dir - move target, f/p - sky beast
Aim: a sky beast (slightly transparent, about 52% to evade your +0 trident)
You reach to attack!
You completely miss the sky beast. The water moccasin bites you.
* * * LOW HITPOINT WARNING * * *
You block the water moccasin's attack.
Okay, then.
You feel very mighty all of a sudden.
The water moccasin is stunned by your conviction and fails to attack.
The water moccasin bites you!
* * * LOW HITPOINT WARNING * * *
You are lethally poisoned!
The water moccasin poisons you!
You feel better. The water moccasin bites you.
* * * LOW HITPOINT WARNING * * *
You are lethally poisoned!
The water moccasin poisons you!
Okay, then.
Are you sure you want to shaft yourself?
* * * LOW HITPOINT WARNING * * *
You feel very sick.
The water moccasin bites you but does no damage.
You block the water moccasin's attack.
You begin to dig a shaft.
You continue digging a shaft.
* * * LOW HITPOINT WARNING * * *
You feel very sick. The water moccasin bites you.
You die...

##########.....
...............
...............
...............
...............
.......Z.......
#######Y#######
#S# #@# ###


You could see a water moccasin, a sky beast and a scorpion zombie.

Vanquished Creatures
  2 hounds
  An adder (D:2)
  3 orcs (D:3)
  6 ball pythons
  2 endoplasms
  A giant cockroach (D:3)
  3 goblins (D:1)
  3 hobgoblins (D:2)
  11 jackals
  3 kobolds
  4 quokkas
  2 bats
  3 frilled lizards
  2 rats
46 creatures vanquished.

Notes
Turn   | Place    | Note
-------+----------+-------------------------------------------
     0 | D:1      | Delamore the Formicid Fighter began the quest for the Orb.
     0 | D:1      | Reached XP level 1. HP: 18/18 MP: 1/1
   114 | D:1      | Reached XP level 2. HP: 22/24 MP: 2/2
   792 | D:1      | Reached XP level 3. HP: 30/30 MP: 3/3
   975 | D:1      | Found a faded altar of an unknown god.
  1149 | D:1      | Became a worshipper of Ru the Awakened
  1193 | D:2      | Gained mutation: You cannot train Dodging skill. [Ru
                  | sacrifice]
  1193 | D:2      | Reached * piety under Ru
  1369 | D:2      | You fall into a shaft and drop 2 floors!
  1418 | D:3      | Reached XP level 4. HP: 26/37 MP: 4/4
  2095 | D:2      | Found a sparkling altar of Nemelex Xobeh.
  2718 | D:4      | You fall into a shaft and drop 2 floors!
  2775 | D:6      | Noticed Edmund
  2775 | D:6      | Noticed a water moccasin
  2783 | D:6      | Noticed a sky beast
  2801 | D:5      | Entered Level 5 of the Dungeon
  2808 | D:5      | Reached skill level 1 in Throwing
  2808 | D:5      | Reached XP level 5. HP: 16/42 MP: 5/5
  2815 | D:5      | HP: 2/42 [poisoned by a water moccasin]
  2815 | D:5      | Slain by a water moccasin

Illustrated notes

Levels and vault maps discovered:
D:1:      psy_arrival_conway, layout_basic, chequers_ecumenical_altar_island
D:2:      layout_rooms, basic_altar
D:3:      layout_basic, nicolae_overflow_hidden_temple
D:4:      layout_basic, minmay_temple_entry_trees, minmay_tree_intersection,
          minmay_cut_off
D:5:      layout_gridville, uniq_ijyb
D:6:      layout_cave_pools, serial_gnoll_camp, gnoll_camp_mini_basic,
          gnoll_camp_huts_moat, gnoll_camp_mini_hut, gnoll_camp_mini_shop,
          minivault_14, minmay_misc_feat_room, uniq_edmund

Skill      XL: |  1  2  3  4 |
---------------+-------------+-----
Polearms       | 3 4 |  4.1
Fighting       | 4 |  4.3
Throwing       | 1 |  1.2
Armour         | |  3.2
Shields        | |  3.6

Action                   |  1- 3 |  4- 6 || total
-------------------------+-------+-------++-------
Melee: Trident           |   119 |    62 ||   181
Invok: Sacrifice Nimblen |     1 |       ||     1
 Abil: Dig               |       |     1 ||     1
       Shaft Self        |       |     1 ||     1
  Use: Scroll            |     4 |     5 ||     9
       Potion            |       |     3 ||     3
Armor: Scale mail        |    46 |    25 ||    71
Dodge: Dodged            |    33 |    31 ||    64
Block: Kite shield       |    59 |    46 ||   105

Table legend: (Time is in decaauts)
 A = Elapsed time spent in this place.
 B = Non-inter-level travel time spent in this place.
 C = Inter-level travel time spent in this place.
 D = Time resting spent in this place.
 E = Time spent auto-exploring this place.
 F = Levels seen in this place.
 G = Mean time per level.
                   A        B        C        D        E       F      G
               +--------+--------+--------+--------+--------+-----+--------+
         Total |   2885 |   2796 |     89 |    427 |   1936 |   6 |  480.8 |
       Dungeon |   2885 |   2796 |     89 |    427 |   1936 |   6 |  480.8 |
               +--------+--------+--------+--------+--------+-----+--------+

Top non-repeatable levels by time:
     D:1: 1209 daAuts
     D:3: 1036 daAuts
     D:2: 503 daAuts
     D:6: 84 daAuts
     D:4: 36 daAuts
     D:5: 15 daAuts
